 Dungeon Crawl Stone Soup version 0.30-b1-2-g02819fbbbe (webtiles) character file.

Game seed: 14027392514589972650

63 Borgoz the Ruffian (level 4, -1/40 HPs)
             Began as a Ghoul Monk on June 18, 2023.
             Slain by a gnoll
             ... wielding a +0 spear
              (4 damage)
             ... on level 2 of the Dungeon.
             The game lasted 00:01:45 (1137 turns).

Borgoz the Ruffian (Ghoul Monk)                     Turns: 1137, Time: 00:01:46

Health: -1/40      AC:  3    Str: 16    XL:     4   Next: 10%
Magic:  3/3        EV: 12    Int:  5    God:
Gold:   53         SH:  0    Dex: 11    Spells: 3/3 levels left

rFire   . .          .
                       - Unarmed
rCold   + . .        c - orb {light}
rNeg    + + +        k - +0 leather armour
rPois   ∞            a - +0 hat
rElec   .            (no cloak)
rCorr   .            (no gloves)
SInv    .            (no boots)
Will    .....        (no amulet) Stlth
                     (no ring)
HPRegen 0.00/turn    (no ring)
MPRegen 0.08/turn

%: no passive effects
@: confused, ambrosia-drunk, inhibited regen, glowing
A: claws 1, cold resistance 1, negative energy resistance 3, inhibited
regeneration, torment resistance 2, devour on kill
a: no special abilities


You were on level 2 of the Dungeon.
You visited 1 branch of the dungeon, and saw 2 of its levels.

You collected 53 gold pieces.

Inventory:

Armour
 a - a +0 hat (worn)
 c - an orb of light (worn)
 j - a +0 scale mail
 k - a +0 leather armour (worn)
Jewellery
 g - a ring of ice
Scrolls
 m - a scroll of teleportation
 n - a scroll of summoning {unknown}
 o - a scroll of blinking {unknown}
 p - a scroll of fog {unknown}
Potions
 d - 2 potions of might {unknown}
 e - a potion of heal wounds {unknown}
 f - a potion of attraction {unknown}
 h - a potion of haste {unknown}
 i - a potion of lignification
 l - a potion of curing {unknown}
 q - a potion of mutation {unknown}


   Skills:
 + Level 3.7 Fighting
 * Level 1.5 Armour
 * Level 3.3 Dodging
 + Level 3.8 Unarmed Combat


You had 3 spell levels left.
You didn't know any spells.
Your spell library was empty.

Dungeon Overview and Level Annotations

Branches:
Dungeon (2/15)

Altars:


Innate Abilities, Weirdness & Mutations

You are immune to poison.
You have sharp fingernails.
Your flesh is cold resistant. (rC+)
You are immune to negative energy. (rN+++)
You do not regenerate when monsters are visible.
You are immune to unholy pain and torment.
You thrive by killing the living.


Message History

The gnoll shouts! x3
The gnoll moves out of view.
A gnoll comes into view. It is wielding a +0 spear.
There are monsters nearby!
The gnoll closely misses you. The gnoll hits you with a +0 whip.
You scratch the gnoll.
The gnoll is heavily wounded.
You barely miss the gnoll.
The gnoll is heavily wounded.
The gnoll completely misses you. The gnoll hits you with a +0 whip.
The gnoll hits you from afar with a +0 spear!
You claw the gnoll!
You kill the gnoll!
The gnoll hits you from afar with a +0 spear.
The gnoll hits you but does no damage.
You have reached level 4!
Sorry, you're not good enough to have a special ability.
Attack: -) Claws
Press: ? - help, Dir - move target, f - you
Okay, then.
You are confused.
You feel invigorated.
The gnoll hits you from afar with a +0 spear.
The gnoll hits you with a +0 spear. The gnoll barely misses you. x2
You bump into the rock wall.
The gnoll hits you with a +0 spear. The gnoll barely misses you.
The gnoll hits you from afar with a +0 spear!
You claw the gnoll!
The gnoll is severely wounded.
The gnoll hits you with a +0 spear.
The gnoll hits you from afar with a +0 spear.
The gnoll hits you from afar with a +0 spear!
* * * LOW HITPOINT WARNING * * *
It was a potion of lignification.
You feel woody for a moment. The gnoll hits you with a +0 spear.
* * * LOW HITPOINT WARNING * * *
The gnoll hits you from afar with a +0 spear.
* * * LOW HITPOINT WARNING * * *
The gnoll hits you from afar with a +0 spear.
You die...

### ###
#########.#
#############.#
.†.††.....#
#.gg@.........#
#########.#
##g##########.#
#########.#
#..)...... #.#
........#.#
#.g####### #.#
#####.###.#
#..# #.#
#####.# #.#
#..# #.#
......# #.#
#..# #.#
......# #.#
#..# #.#
.(....# #.#
#..# #.#


You could see 3 gnolls.

Vanquished Creatures
  A gnoll (D:2)
  An adder (D:2)
  2 worms (D:2)
  A dart slug (D:1)
  A goblin (D:2)
  3 hobgoblins
  6 jackals
  2 kobolds (D:1)
  2 quokkas
  7 ball pythons
  4 bats (D:1)
  A frilled lizard (D:1)
  4 rats
35 creatures vanquished.

Notes
Turn   | Place    | Note
-------+----------+-------------------------------------------
     0 | D:1      | Borgoz the Ghoul Monk began the quest for the Orb.
     0 | D:1      | Reached XP level 1. HP: 19/19 MP: 0/0
   174 | D:1      | Reached XP level 2. HP: 26/26 MP: 1/1
   533 | D:1      | Found a faded altar of an unknown god.
   613 | D:2      | Reached skill level 1 in Armour
   635 | D:2      | Reached XP level 3. HP: 31/31 MP: 2/2
  1130 | D:2      | Reached XP level 4. HP: 19/40 MP: 3/3
  1137 | D:2      | Slain by a gnoll

Illustrated notes

Levels and vault maps discovered:
D:1:      saegor_arrival_simple_c, layout_rooms,
          shapermc_ecumenical_altar_notcrosses, due_unseen_surprise
D:2:      layout_basic, minmay_misc_feat_x

Skill      XL: |  1  2 |
---------------+-------+-----
Dodging        | 3 |  3.3
Armour         | 1 |  1.5
Fighting       | |  3.7
Unarmed Combat | |  3.8

Action                     |  1- 3 |  4- 6 || total
---------------------------+-------+-------++-------
  Melee: Unarmed           |    94 |     1 ||    95
    Use: Scroll            |     2 |       ||     2
         Potion            |       |     2 ||     2
 Armour: Robe              |    14 |       ||    14
         Leather armour    |     5 |       ||     5
  Dodge: Dodged            |    56 |     3 ||    59
